 Dungeon Crawl Stone Soup version 0.32-a0-128-g77eb882913 (webtiles) character file.

Game seed: 3109433470169053247

441 Newt the Trooper (level 7, -4/87 HPs)
             Began as a Barachi Fighter on Feb 7, 2024.
             Was an Initiate of Okawaru.
             Slain by an ogre
             ... wielding a +0 giant club
              (19 damage)
             ... on level 5 of the Dungeon.
             The game lasted 00:03:48 (2738 turns).

Newt the Trooper (Barachi Fighter)                  Turns: 2738, Time: 00:03:48

Health: -4/87      AC: 23    Str: 19    XL:     7   Next: 2%
Magic:  7/7        EV:  2    Int:  8    God:    Okawaru [......]
Gold:   171        SH:  4    Dex: 12    Spells: 6/6 levels left

rFire   . . .        f - +5 spear
rCold   . . .        c - +0 buckler
rNeg    . . .        b - melded +0 scale mail
rPois   +            u - melded +1 helmet
rElec   .            (cloak currently unavailable)
rCorr   .            (gloves currently unavailable)
SInv    .            (boots currently unavailable)
Will    .....        (no amulet)
Stlth   +            (no ring)
HPRegen 0.34/turn    (no ring)
MPRegen 0.10/turn

%: no passive effects
@: mighty, brilliant, tree-form, invisible
A: stationary, stasis, torment immunity, boosted hp, (amphibious), (slowness 1),
(strong legs 1), +LOS
a: Renounce Religion


You were on level 5 of the Dungeon.
You worshipped Okawaru.
Okawaru was noncommittal.
You were a tree.
You visited 2 branches of the dungeon, and saw 6 of its levels.

You collected 171 gold pieces.

Inventory:

Hand Weapons
 a - a +0 long sword
 f - a +5 spear (weapon)
Missiles
 m - a poisoned dart
Armour
 b - a +0 scale mail (melded)
 c - a +0 buckler (worn)
 q - a +0 cloak
 u - a +1 helmet (melded)
Jewellery
 h - a ring of fire
Wands
 v - a wand of charming (19)
Scrolls
 e - a scroll of silence
 g - a scroll of torment
 j - a scroll of brand weapon
 k - a scroll of fog
 o - a scroll of blinking
 p - a scroll of amnesia
 r - a scroll of enchant weapon
 s - a scroll of summoning
 t - a scroll of vulnerability
 w - a scroll of immolation
 A - a scroll of revelation
Potions
 d - a potion of might
 x - a potion of haste {unknown}


   Skills:
 + Level 6.0 Fighting
 - Level 3.7 Long Blades
 * Level 3.8 Throwing
 - Level 5.2 Armour
 - Level 3.2 Shields


You had 6 spell levels left.
You didn't know any spells.
Your spell library contained the following spells:

 Spells                   Type           Power      Damage    Failure   Level
 Magic Dart               Conj           0%         1d3       47%         1
 Sandblast                Erth           0%         2d4       47%         1
 Blink                    Tloc           0%         N/A       63%         2
 Passwall                 Erth           0%         N/A       85%         3
 Stone Arrow              Conj/Erth      0%         3d7       85%         3
 Brom's Barrelling Bould  Conj/Erth      0%         2d3       99%         4
 Summon Small Mammal      Summ           Unusable   N/A       N/A         1
 Call Imp                 Summ           Unusable   N/A       N/A         2
 Call Canine Familiar     Summ           Unusable   N/A       N/A         3
 Summon Blazeheart Golem  Fire/Summ      Unusable   N/A       N/A         4

Dungeon Overview and Level Annotations

Branches:
Dungeon (5/15)             Temple (1/1) D:4

Altars:
Cheibriados
Elyvilon
Fedhas
Gozag
Kikubaaqudgha
Okawaru
Trog
Uskayaw
Vehumet
Wu Jian
Xom
The Shining One

Shops:
D:5 (


Innate Abilities, Weirdness & Mutations

You are a tree.
Your roots penetrate the ground, keeping you stationary.
You cannot be teleported.
You are immune to unholy pain and torment.
Your maximum health is greatly increased.
Your equipment is partially melded.
((You are amphibious.))
((You cover ground slowly.))
((You can hop short distances.))
You have an extended range of vision and can be seen from far away.


Message History

Okay, then.
It was a potion of brilliance.
You feel clever all of a sudden.
It was a potion of invisibility.
You fade into invisibility!
The centaur unwields a +0 orcbow.
The centaur hits you but does no damage.
You block the centaur's attack. The centaur closely misses you.
The centaur kicks you but does no damage.
It was a potion of lignification.
You turn into a tree.
Your +1 helmet melds into your body.
Your +0 scale mail melds into your body.
Your roots penetrate the ground.
The centaur hits you.
* * * LOW HITPOINT WARNING * * *
The centaur kicks you.
* * * LOW HITPOINT WARNING * * *
It was a potion of curing.
You feel better.
The centaur hits you but does no damage.
The centaur kicks you but does no damage.
The centaur hits you but does no damage.
The centaur kicks you but does no damage.
Unknown command.
You hit the centaur.
The centaur is moderately wounded.
The centaur hits you but does no damage.
The centaur kicks you but does no damage.
Unknown command.
You puncture the centaur!
You kill the centaur!
Okawaru accepts your kill.
Your Fighting skill increases to level 6!
You have reached level 7!
You puncture the ogre!
The ogre is heavily wounded.
The ogre hits you but does no damage.
Unknown command.
You puncture the ogre!
The ogre is almost dead.
The ogre hits you with a +0 giant club!!
You die...

*,,,,,,*#######.>......##...##.<
*,,,,,,########.................
*,,,,,##...∩.:##..........$.....
*,,,>,.........#...............,
*,,,,,........########.##...##*+
*,,,,,........##....##.##...##..
*,,,,,*#......##.....#.........#
*,,,,,##......##.....#.........+
*,,,,,#.......†♣O....'.(.......#
*,,,,,#.......##....##......##..
*,,,,,#.......*#....##......#*,,
*,,,,,##......*#.............#,,
*,,,,,*#......*#.............+,,
*,,,,,......................##,,
*,,,,,........##....#########*,,
*,,,>,........*#....#*,,,,,,**,,
*,,,,,##......*#.....,,,,,,,,,,,


You could see an ogre (unable to see you).

Vanquished Creatures
  A centaur (D:5)
  A bullfrog (D:5)
  A scorpion (D:4)
  2 orc priests (D:4)
  An iguana (D:5)
  An orc wizard (D:4)
  5 adders
  2 ribbon worms
  4 orcs
  2 ball pythons
  5 endoplasms
  5 giant cockroaches
  9 hobgoblins
  3 jackals (D:2)
  6 quokkas
  6 bats
  4 frilled lizards
  4 goblins
  9 kobolds
  4 rats
75 creatures vanquished.

Notes
Turn   | Place    | Note
-------+----------+-------------------------------------------
     0 | D:1      | Newt the Barachi Fighter began the quest for the Orb.
     0 | D:1      | Reached XP level 1. HP: 18/18 MP: 1/1
   121 | D:1      | Reached XP level 2. HP: 25/25 MP: 2/2
   292 | D:1      | Reached skill level 4 in Fighting
   419 | D:2      | Reached XP level 3. HP: 30/30 MP: 3/3
   507 | D:2      | Found a faded altar of an unknown god.
   966 | D:3      | Reached XP level 4. HP: 38/38 MP: 4/4
  1490 | D:4      | Reached skill level 5 in Armour
  1490 | D:4      | Reached XP level 5. HP: 9/43 MP: 5/5
  1839 | D:4      | Reached skill level 5 in Fighting
  1839 | D:4      | Reached skill level 1 in Throwing
  2232 | D:4      | Found a hide-covered altar of Uskayaw.
  2245 | D:4      | Found a staircase to the Ecumenical Temple.
  2255 | Temple   | Entered the Ecumenical Temple
  2266 | Temple   | Became a worshipper of Warmaster Okawaru
  2408 | D:4      | Reached XP level 6. HP: 45/51 MP: 6/6
  2679 | D:5      | Entered Level 5 of the Dungeon
  2691 | D:5      | Found Feidghohe's Antique Weapon Shoppe.
  2733 | D:5      | HP: 3/78 [centaur (2)]
  2737 | D:5      | Reached skill level 6 in Fighting
  2737 | D:5      | Reached XP level 7. HP: 14/58 MP: 7/7
  2738 | D:5      | Slain by an ogre

Illustrated notes

Levels and vault maps discovered:
D:1:      saegor_arrival_simple_c, layout_rooms
D:2:      cheibrodos_helix_gallery, layout_basic,
          hellmonk_ecumenical_altar_arch_garden
D:3:      layout_rooms
D:4:      layout_gridville, kennysheep_mini_moat, minmay_temple_entry_offerings
D:5:      layout_gridville, old_standard_altar,
          mainiacjoe_overflow_surrounded_room, serial_shops, shop
Temple:   jpeg_temple_clearing

Skill      XL: |  1  2  3  4  5  6 |
---------------+-------------------+-----
Long Blades    | 3 |  3.7
Fighting       | 4 5 6 |  6.0
Armour         | 4 5 |  5.2
Throwing       | 2 3 |  3.8
Shields        | |  3.2

Action                     |  1- 3 |  4- 6 |  7- 9 || total
---------------------------+-------+-------+-------++-------
  Melee: Long sword        |    20 |       |       ||    20
         Spear             |    83 |   110 |     2 ||   195
  Throw: Dart              |       |     3 |       ||     3
    Use: Scroll            |       |    11 |       ||    11
         Potion            |       |     5 |       ||     5
 Armour: Scale mail        |    51 |    78 |       ||   129
         Skin              |       |     8 |     2 ||    10
  Dodge: Dodged            |    38 |    39 |       ||    77
  Block: Buckler           |    23 |    25 |       ||    48

Table legend: (Time is in decaauts)
 A = Elapsed time spent in this place.
 B = Non-inter-level travel time spent in this place.
 C = Inter-level travel time spent in this place.
 D = Time resting spent in this place.
 E = Time spent auto-exploring this place.
 F = Levels seen in this place.
 G = Mean time per level.
                   A        B        C        D        E       F      G
               +--------+--------+--------+--------+--------+-----+--------+
         Total |   3083 |   2975 |    108 |    725 |   1715 |   6 |  513.8 |
       Dungeon |   3056 |   2974 |     82 |    725 |   1715 |   5 |  611.2 |
        Temple |     26 |      1 |     25 |      0 |      0 |   1 |   26.0 |
               +--------+--------+--------+--------+--------+-----+--------+

Top non-repeatable levels by time:
     D:4: 1288 daAuts
     D:2: 643 daAuts
     D:3: 575 daAuts
     D:1: 483 daAuts
     D:5: 65 daAuts
  Temple: 26 daAuts
